 Dungeon Crawl Stone Soup version 0.26.1-11-gd32895ea62 (webtiles) character file.

Game seed: 12243605667799977613

11815 H0rd4k the Carver (level 12, -7/88 HPs)
             Began as a Human Artificer on May 17, 2021.
             Was an Initiate of Gozag.
             Mangled by an earth elemental (24 damage)
             ... in a volcano on May 18, 2021.
             The game lasted 00:28:15 (18904 turns).

H0rd4k the Carver (Human Artificer)                Turns: 18904, Time: 00:28:15

Health: -7/88      AC: 15    Str: 15    XL:     12   Next: 12%
Magic:  17/17      EV: 15    Int: 14    God:    Gozag
Gold:   616        SH:  5    Dex: 14    Spells: 9/18 levels left

rFire    + + +     SeeInvis .   c - +6 long sword (venom)
rCold    . . .     Faith    .   (no shield)
rNeg     . . .     Spirit   .   v - +3 leather armour {rC+}
rPois    +         Reflect  +   O - +1 helmet "Gaisero" {rPois rF+++ Will- Regen+}
rElec    .         Harm     .   (no cloak)
rCorr    .         Rampage  .   o - +2 pair of gloves
Will     .....                  G - +2 pair of boots {run}
Stlth    +++.......             h - amulet of reflection
HPRegen  0.64/turn              C - ring of fire
MPRegen  0.15/turn              z - ring of willpower

@: mighty, gold aura, very slightly contaminated, quick
A: no striking features
a: Renounce Religion, Potion Petition, Call Merchant, Bribe Branch


You were in a volcano.
You worshipped Gozag.
Gozag was pleased with you.
You visited 3 branches of the dungeon, and saw 13 of its levels.
You also visited: Volcano.

You collected 1940 gold pieces.
You spent 582 gold pieces at shops.
You paid 742 gold pieces to Gozag.

Inventory:

Hand Weapons
 c - a +6 long sword of venom (weapon)
 i - a +1 dagger
 k - a +2 quick blade of flaming
 q - a +1 short sword of draining
 I - a +0 long sword
Missiles
 L - 4 curare-tipped darts
Armour
 a - a +0 helmet
 b - a +0 leather armour
 o - a +2 pair of gloves (worn)
 v - a +3 leather armour of cold resistance (worn)
 G - a +2 pair of boots of running (worn)
 O - the +1 helmet "Gaisero" (worn) {rPois rF+++ Will- Regen+}
   (You bought it in a shop on level 10 of the Dungeon)

   It renders you almost immune to fire.
   It protects you from poison.
   It affects your willpower, your defense against some magical effects.
   It increases your rate of regeneration.
Jewellery
 f - an uncursed ring of ice
 h - an amulet of reflection (around neck)
 t - an uncursed amulet of faith {unknown}
 w - an uncursed ring of fire
 y - an uncursed ring of ice
 z - a ring of willpower (right hand)
 A - an uncursed ring of resist corrosion
 C - a ring of fire (left hand)
 F - an uncursed amulet of regeneration {unknown}
Wands
 d - a wand of flame (25)
 e - a wand of random effects (35)
 J - a wand of digging (5)
 N - a wand of iceblast (11)
Scrolls
 g - a scroll of enchant armour
 m - a scroll of vulnerability {unknown}
 n - 5 scrolls of teleportation
 r - 3 scrolls of remove curse
 D - a scroll of fog
Potions
 j - 10 potions of curing
 l - 3 potions of lignification
 p - a potion of ambrosia
 s - a potion of brilliance {unknown}
 u - a potion of magic
 x - 4 potions of resistance
 E - a potion of mutation {unknown}
 H - 4 potions of heal wounds
 K - 2 potions of cancellation
 P - a potion of haste {unknown}


   Skills:
 + Level 6.0 Fighting
 + Level 5.7(8.1) Short Blades
 + Level 9.0(9.7) Long Blades
 + Level 0.6 Maces & Flails
 + Level 5.0 Armour
 + Level 6.5 Dodging
 + Level 5.9 Stealth
 - Level 4.4 Shields
 * Level 3.9 Spellcasting
 + Level 3.8 Hexes
 + Level 4.7 Ice Magic
 + Level 4.8 Evocations


You had 9 spell levels left.
You knew the following spells:

 Your Spells              Type           Power        Failure   Level
a - Ozocubu's Armour      Ice            15%          10%         3
b - Frozen Ramparts       Ice            30%          10%         3
c - Tukima's Dance        Hex            13%          14%         3

Your spell library contained the following spells:

 Spells                   Type           Power        Failure   Level
 Freeze                   Ice            60%          3%          1
 Corona                   Hex            14%          4%          1
 Ensorcelled Hibernation  Hex/Ice        28%          6%          2
 Confusing Touch          Hex            13%          14%         3
 Dazzling Flash           Conj/Hex       16%          32%         3
 Hailstorm                Conj/Ice       9%           65%         4
 Summon Ice Beast         Ice/Summ       9%           65%         4


Dungeon Overview and Level Annotations

Branches:
Dungeon (10/15)            Temple (1/1) D:4            Lair (2/6) D:9
Volcano (1/1)
  Swamp: Lair:2-4    Shoals: Lair:2-4     Snake: Lair:2-4    Spider: Lair:2-4
    Orc: D:9-12

Altars:
Ashenzari
Cheibriados
Dithmenos
Elyvilon
Fedhas
Gozag
Hepliaklqana
Kikubaaqudgha
Makhleb
Nemelex Xobeh
Okawaru
Qazlal
Ru
Sif Muna
Trog
Uskayaw
Vehumet
Wu Jian
Xom
Yredelemnul
Zin
The Shining One
Beogh

Shops:
D:9 (   D:10 [?}

Annotations:
D:3 3 runed translucent doors, exclusion: 3 doors, mys's ghost, amateur DgFE
D:4 exclusion: phantom
D:7 exclusion: downstairs
D:8 exclusions: 2 downstairs and two-headed ogre
D:9 exclusion: downstairs
D:10 exclusion: upstairs, Urug
Lair:1 exclusion: oklob plant


Message History

The efreet is severely wounded.
The efreet hits you with a +4 scimitar of flaming.
Unknown command.
You barely miss the efreet.
The efreet is severely wounded.
The efreet misses you.
You riposte.
You slash the efreet!
You kill the efreet!
Your Long Blades skill increases to level 9!
You hit the earth elemental but do no damage.
You hit the earth elemental.
The earth elemental is lightly damaged.
The earth elemental hits you!!
* * * LOW HITPOINT WARNING * * *
You slash the earth elemental!
The earth elemental is heavily damaged.
You slash the earth elemental!
The earth elemental is severely damaged.
The earth elemental hits you!!
You die...
Your body crumbles into a pile of gold.

#§§§≈≈## $.§§§≈≈# [.§§≈§##
!.∩.§≈≈# ##).≈§≈°# .$)§§°°#
#(.§§§# ### ##E≈≈§≈#
.###..###@##≈≈#
....§§....#.## ##
..≈≈§.§.....### ###
≈≈≈≈§§≈§≈§....## #≈##
≈≈≈≈≈§§§≈§.....# ##≈≈#
§≈≈§≈§§≈§≈....## ##≈≈≈##
≈≈§≈§≈≈§§≈≈≈....# ##≈≈≈≈≈#
≈≈≈§≈≈§§§§....### #≈§(..≈#
.≈≈≈§§≈≈........#####∩[..[##


You could see an earth elemental.

Vanquished Creatures
  A stone giant (Volcano)
  Maggie (D:10)
  2 gargoyles (Volcano)
  3 cane toads (Lair:1)
  An efreet (Volcano)
  A komodo dragon (Lair:1)
  3 trolls
  5 blink frogs (Lair:1)
  A wraith (D:10)
  A wyvern (Lair:1)
  10 yaks
  6 ogres
  2 wargs (D:9)
  5 water moccasins (Lair:1)
  An ice beast (D:9)
  5 orc warriors
  A hornet zombie (D:7)
  2 sky beasts (D:9)
  4 wolves (Lair:1)
  2 black bears
  4 centaurs
  A big kobold (D:10)
  2 wyvern zombies
  8 bullfrogs
  A water moccasin skeleton (D:6)
  3 scorpions
  6 wights
  A howler monkey (D:7)
  An electric eel (D:7)
  A quasit (D:6)
  2 jellies
  A centaur zombie (D:5)
  4 hounds (D:8)
  5 orc priests
  6 orc wizards
  3 bullfrog skeletons
  A centaur skeleton (D:5)
  Ijyb (D:5)
  4 worker ants
  4 killer bee zombies
  A hound skeleton (D:5)
  A worker ant zombie (D:6)
  6 adders
  A shadow imp (D:5)
  An ufetubus (D:8)
  An adder skeleton (D:4)
  5 worms
  A dart slug (D:3)
  8 leopard geckos
  42 orcs
  2 ball pythons (D:3)
  4 giant cockroaches
  8 goblins
  6 hobgoblins
  12 jackals
  15 kobolds
  3 quokkas
  A ball python skeleton (D:5)
  7 bats
  6 frilled lizards
  6 rats
253 creatures vanquished.

Vanquished Creatures (collateral kills)
  A phantom (D:6)
  A wight (D:8)
  An orc priest (Temple)
  A worm (D:4)
  5 orcs (D:4)
  A ball python (D:6)
10 creatures vanquished.

Vanquished Creatures (others)
  A wight (D:7)
  An orc priest (D:4)
  2 adders (D:4)
  An orc (D:4)
  5 plants
10 creatures vanquished.

Grand Total: 273 creatures vanquished

Notes
Turn   | Place    | Note
-------+----------+-------------------------------------------
     0 | D:1      | H0rd4k the Human Artificer began the quest for the Orb.
     0 | D:1      | Reached XP level 1. HP: 15/15 MP: 1/1
   392 | D:1      | Reached XP level 2. HP: 12/21 MP: 2/2
  1160 | D:1      | Reached XP level 3. HP: 20/26 MP: 3/3
  2707 | D:2      | Found a shimmering altar of Xom.
  2707 | D:2      | Found a broken altar of Ashenzari.
  2707 | D:2      | Found a shadowy altar of Dithmenos.
  2730 | D:2      | Reached XP level 4. HP: 30/33 MP: 4/4
  3385 | D:3      | Noticed a bullfrog
  3389 | D:3      | Killed a bullfrog
  3390 | D:3      | Reached skill level 1 in Shields
  3390 | D:3      | Reached XP level 5. HP: 38/38 MP: 5/5
  3462 | D:3      | Found a runed translucent gate.
  3462 | D:3      | Found a runed translucent gate.
  3462 | D:3      | Found a runed translucent gate.
  4724 | D:3      | Noticed mys's ghost (amateur DgFE)
  4773 | D:4      | Found a blossoming altar of Fedhas.
  4774 | D:4      | Found a sparkling altar of Nemelex Xobeh.
  4776 | D:4      | Found a basalt altar of Yredelemnul.
  4795 | D:4      | Noticed a centaur
  4810 | D:4      | Reached skill level 1 in Short Blades
  4891 | D:4      | Killed a centaur
  4892 | D:4      | Reached XP level 6. HP: 44/44 MP: 6/6
  5284 | D:4      | Reached XP level 7. HP: 18/50 MP: 7/7
  5499 | D:4      | Found a staircase to the Ecumenical Temple.
  5551 | Temple   | Entered the Ecumenical Temple
  5919 | Temple   | Became a worshipper of Gozag Ym Sagoz the Greedy
  6579 | D:5      | Entered Level 5 of the Dungeon
  6951 | D:5      | Found an ornate altar of the Wu Jian Council.
  7248 | D:5      | Noticed Ijyb
  7250 | D:5      | Killed Ijyb
  7412 | D:5      | Reached skill level 1 in Long Blades
  7531 | D:5      | Reached XP level 8. HP: 49/57 MP: 8/8
  8541 | D:6      | Reached skill level 2 in Long Blades
  8638 | D:6      | Reached skill level 3 in Long Blades
 10148 | D:6      | Reached XP level 9. HP: 54/64 MP: 9/9
 11748 | D:7      | Reached skill level 5 in Dodging
 11937 | D:7      | Reached skill level 5 in Short Blades
 13294 | D:8      | Reached skill level 4 in Long Blades
 13322 | D:8      | Reached XP level 10. HP: 40/69 MP: 10/10
 13896 | D:8      | Noticed a two-headed ogre
 14268 | D:9      | Reached skill level 5 in Stealth
 14482 | D:9      | Found a staircase to the Lair.
 14535 | D:9      | Reached skill level 5 in Long Blades
 14626 | D:8      | Learned a level 3 spell: Ozocubu's Armour
 14630 | D:8      | Learned a level 3 spell: Frozen Ramparts
 14634 | D:8      | Learned a level 3 spell: Tukima's Dance
 15303 | D:9      | Found a roughly hewn altar of Beogh.
 15313 | D:9      | Reached skill level 1 in Hexes
 16051 | D:9      | Reached skill level 1 in Ice Magic
 16635 | D:10     | Entered Level 10 of the Dungeon
 16894 | D:10     | Found a bloodstained altar of Trog.
 16919 | D:10     | Noticed Urug
 16925 | D:10     | Found Esigejic's Magic Scroll Shoppe.
 16933 | D:10     | Bought a scroll of enchant weapon for 90 gold pieces
 16962 | D:10     | Reached skill level 1 in Spellcasting
 16999 | D:10     | Found Catsaprolig's Antique Armour Boutique.
 17006 | D:10     | Bought a pair of embroidered boots for 217 gold pieces
 17006 | D:10     | Bought a steaming helmet for 275 gold pieces
 17011 | D:10     | Identified a +1 pair of boots of running (You bought it in
                  | a shop on level 10 of the Dungeon)
 17021 | D:10     | Identified the +1 helmet "Gaisero" {rPois rF+++ Will-
                  | Regen+} (You bought it in a shop on level 10 of the
                  | Dungeon)
 17043 | D:10     | Reached skill level 6 in Long Blades
 17087 | D:10     | Noticed Maggie
 17105 | D:10     | Killed Maggie
 17167 | D:10     | Found Fuc Tuenk's Gadget Boutique.
 17256 | D:10     | Reached XP level 11. HP: 66/78 MP: 13/13
 17317 | D:10     | Noticed a cyclops
 17317 | D:10     | Noticed a stone giant
 17317 | D:10     | Noticed an eight-headed hydra
 17317 | D:10     | Noticed a flayed ghost
 17384 | D:9      | Reached skill level 5 in Fighting
 17412 | Lair:1   | Entered Level 1 of the Lair of Beasts
 17432 | Lair:1   | Reached skill level 7 in Long Blades
 17687 | Lair:1   | Noticed an oklob plant
 18189 | Lair:1   | Reached skill level 8 in Long Blades
 18423 | Lair:1   | Reached skill level 5 in Armour
 18765 | Lair:2   | Found a dark tunnel.
 18807 | Volcano  | Entered a volcano
 18831 | Volcano  | Noticed a stone giant
 18846 | Volcano  | Killed a stone giant
 18847 | Volcano  | Reached XP level 12. HP: 49/87 MP: 17/17
 18901 | Volcano  | Reached skill level 9 in Long Blades
 18904 | Volcano  | Mangled by an earth elemental

Illustrated notes

Levels and vault maps discovered:
D:1:      lightli_molten_gateway, layout_basic
D:2:      layout_loops_corners, gammafunk_temple_overflow_claw,
          hangedman_decor_diamond_cutter, minmay_tetromino_i2
D:3:      layout_basic, gammafunk_ghost_icy, grunt_decor_junction
D:4:      layout_loops_corners, gammafunk_temple_overflow_forgotten,
          minmay_temple_entry_mist, minmay_cut_off
D:5:      layout_layer_cave, basic_altar, bh_walls_and_bars, uniq_ijyb
D:6:      layout_loops_cross, chequers_serial_rivers_room_b
D:7:      layout_cave_pools, nicolae_lava_and_water
D:8:      layout_loops_ring
D:9:      layout_basic, erik_lair_orcish_takeover, special_room
          [special_room_orc]
D:10:     layout_loops_ring, serial_shops, shop_statue, shop_statue,
          shop_statue, minivault_25_ag, bloody_trog, uniq_maggie, uniq_urug
Temple:   eino_temple_rhombus
Lair:1:   layout_cave_pods, serial_bayou_pond_a
Lair:2:   gammafunk_lair_enchanted_lake, layout_gridlike,
          nicolae_swamp_entry_splash_gauntlet, nicolae_volcano_entry_lava_flow,
          uniq_gastronok
Volcano:  volcano_pools

Skill      XL: |  1  2  3  4  5  6  7  8  9 10 11 12 |
---------------+-------------------------------------+-----
Dodging        | 2 3 5 6 |  6.5
Shields        | 1 2 3 4 |  4.4
Short Blades   | 1 2 3 5 |  5.7
Fighting       | 2 3 4 5 6 |  6.0
Stealth        | 2 3 4 5 |  5.9
Armour         | 3 4 5 |  5.0
Evocations     | 4 |  4.8
Long Blades    | 1 3 4 6 8 9 |  9.0
Hexes          | 2 3 |  3.8
Ice Magic      | 2 4 |  4.7
Spellcasting   | 1 3 |  3.9
Maces & Flails | |  0.6

Action                   |  1- 3 |  4- 6 |  7- 9 | 10-12 || total
-------------------------+-------+-------+-------+-------++-------
Melee: Club              |    37 |       |       |       ||    37
       Dagger            |   178 |   213 |    66 |       ||   457
       Long sword        |       |       |   159 |   427 ||   586
       Short sword       |       |       |   280 |       ||   280
 Cast: Ozocubu's Armour  |       |       |       |     1 ||     1
Invok: Call Merchant     |       |       |       |     1 ||     1
Evoke: Wand              |     4 |    17 |    30 |     6 ||    57
  Use: Scroll            |       |       |    18 |     8 ||    26
       Potion            |       |       |       |     5 ||     5
 Stab: Sleeping          |     3 |     7 |     6 |    10 ||    26
       Paralysed         |       |     2 |       |       ||     2
       Distracted        |       |     1 |       |     6 ||     7
       Confused          |       |       |     1 |       ||     1
       Invisible         |       |       |       |     3 ||     3
Armor: Leather armour    |    34 |    43 |    92 |    87 ||   256
Dodge: Dodged            |   113 |    96 |   310 |   222 ||   741
Block: Other             |    42 |    51 |   122 |    82 ||   297
       Reflection        |     1 |     3 |     1 |     3 ||     8
       Rpst.: Long sword |       |       |    32 |    66 ||    98
